[Event "Limburg Open 2022"]
[Site "Maastricht"]
[Date "2022.06.06"]
[Round "6.9"]
[White "Van Cappellen, Jonas"]
[Black "Suvorov, Alexander"]
[Result "1/2-1/2"]
[ECO "C88"]
[WhiteElo "2244"]
[BlackElo "2348"]
[PlyCount "121"]
[EventDate "2022.06.03"]
[EventType "swiss"]
[EventRounds "7"]
[EventCountry "NED"]
[SourceTitle "Limburg Open"]
[Source "Limburg Open"]
[SourceDate "2022.06.06"]
[SourceVersion "7"]
[SourceVersionDate "2022.06.06"]
[SourceQuality "1"]
[TimeControl "7200+15"]

1. e4 e5 2. Nf3 Nc6 3. Bb5 a6 4. Ba4 Nf6 5. O-O Be7 6. Re1 b5 7. Bb3 O-O 8. a4 Bb7 9. d3 d6 10. Nbd2 Nd7 11. Nf1 Nc5 12. axb5 axb5 13. Rxa8 Qxa8 14. Bd5 Nd8 15. Bxb7 Qxb7 16. Ne3 Nde6 17. Nf5 Bf6 18. h4 g6 19. Nh6+ Kh8 20. Ng5 Nxg5 21. hxg5 Bg7 22. Ng4 Nd7 23. Be3 f5 24. gxf6 Nxf6 25. Nxf6 Bxf6 26. Qg4 Qc6 27. Qe6 Bg7 28. c3 Re8 29. Qb3 Ra8 30. Qe6 Re8 31. Qg4 Ra8 32. g3 Qe8 33. Kg2 Kg8 34. Rh1 Qf7 35. Qh3 Bh8 36. Rf1 Qe7 37. Qh1 c6 38. Ra1 Qb7 39. Qd1 Rxa1 40. Qxa1 Bf6 41. Qa2+ d5 42. Qb3 Qd7 43. Bc5 h5 44. Qa2 Kh7 45. Qa8 Bg7 46. Qa7 Qxa7 47. Bxa7 dxe4 48. dxe4 g5 49. b3 Kg6 50. c4 bxc4 51. bxc4 Bf8 52. Bb6 Bb4 53. Bd8 Bc5 54. f3 Bf8 55. Kh3 Bg7 56. Be7 Bf6 57. Bd6 Kf7 58. Bc5 Ke6 59. Bb4 Be7 60. Bd2 Bf6 61. Bb4 1/2-1/2

[Event "Limburg Open 2022"]
[Site "Maastricht"]
[Date "2022.06.06"]
[Round "6.10"]
[White "Thompson, Ian D"]
[Black "Pauly, Carlo"]
[Result "0-1"]
[ECO "A26"]
[WhiteElo "2059"]
[BlackElo "2305"]
[PlyCount "92"]
[EventDate "2022.06.03"]
[EventType "swiss"]
[EventRounds "7"]
[EventCountry "NED"]
[SourceTitle "Limburg Open"]
[Source "Limburg Open"]
[SourceDate "2022.06.06"]
[SourceVersion "7"]
[SourceVersionDate "2022.06.06"]
[SourceQuality "1"]
[TimeControl "7200+15"]

1. c4 Nf6 2. Nc3 g6 3. g3 Bg7 4. Bg2 O-O 5. Nf3 d6 6. O-O Nc6 7. Rb1 a5 8. a3 e5 9. d3 Re8 10. Bg5 h6 11. Bxf6 Bxf6 12. b4 axb4 13.
axb4 Bg7 14. b5 Ne7 15. Nd2 c6 16. bxc6 bxc6 17. Qc2 Be6 18.
Rb7 Rb8 19. Rfb1 Rxb7 20. Rxb7 Qa5 21. Nde4 Nf5 22. e3 d5 23. cxd5 cxd5 24. Rb5 Qa1+ 25. Rb1 Qa3 26. Nb5 Qe7 27. Nd2 Rc8 28. Qa4 h5 29. Nb3 Kh7 30. d4 Rc4 31. Qa3 Rb4 32. Bf1 exd4 33.
exd4 Bf8 34. Qa1 Bd7 35. Nc3 Qd6 36. Bg2 Be6 37. Qa8 Rb8 38.
Qa5 h4 39. g4 Ne7 40. h3 Bg7 41. Ne2 f5 42. gxf5 Bxf5 43. Rb2 Qb4 44. Qc7 Rb7 45. Qc1 Bh6 46. Qd1 Qa3 0-1

[Event "Limburg Open 2022"]
[Site "Maastricht"]
[Date "2022.06.06"]
[Round "6.11"]
[White "Decoster, Frederic"]
[Black "Schroer, Marcel"]
[Result "1-0"]
[ECO "B15"]
[WhiteElo "2295"]
[BlackElo "2096"]
[PlyCount "94"]
[EventDate "2022.06.03"]
[EventType "swiss"]
[EventRounds "7"]
[EventCountry "NED"]
[SourceTitle "Limburg Open"]
[Source "Limburg Open"]
[SourceDate "2022.06.06"]
[SourceVersion "7"]
[SourceVersionDate "2022.06.06"]
[SourceQuality "1"]
[TimeControl "7200+15"]

1. e4 c6 2. d4 d5 3. Nd2 dxe4 4. Nxe4 Nf6 5. Nxf6+ exf6 6. Bd3 Bd6 7. Qh5 Nd7 8. Ne2 Nf8 9. O-O Ne6 10. a4 g6 11. Qh4 h5 12. f4 f5 13.
Qxd8+ Kxd8 14. a5 Kc7 15. Bd2 Bd7 16. c4 Rhe8 17. b4 Rac8 18.
Kf2 Kb8 19. Rab1 Bf8 20. Be3 Nc7 21. Nc3 Bg7 22. Na4 Rcd8 23.
Rfd1 Ne6 24. Be2 Bc8 25. d5 cxd5 26. cxd5 Nf8 27. Nc5 Nd7 28. Bb5 Bf8 29. Kf3 Rxe3+ 30. Kxe3 Nxc5 31. bxc5 Bxc5+ 32. Kf3 b6 33. axb6 axb6 34. Bc6 Bb7 35. Ra1 Rd6 36. Bxb7 Kxb7 37. Ra2 b5 38. Rd3 b4 39. Ke2 Kb6 40. Kd2 Kb5 41. Rc2 Rb6 42. Kc1 Bd6 43. g3 h4 44. Rc8 hxg3 45. hxg3 Ra6 46. Kb1 f6 47. Re3 g5 1-0

[Event "Limburg Open 2022"]
[Site "Maastricht"]
[Date "2022.06.06"]
[Round "6.12"]
[White "De Boer, Bas"]
[Black "Van Meegen, Ruud"]
[Result "0-1"]
[ECO "E35"]
[WhiteElo "2115"]
[BlackElo "2285"]
[PlyCount "70"]
[EventDate "2022.06.03"]
[EventType "swiss"]
[EventRounds "7"]
[EventCountry "NED"]
[SourceTitle "Limburg Open"]
[Source "Limburg Open"]
[SourceDate "2022.06.06"]
[SourceVersion "7"]
[SourceVersionDate "2022.06.06"]
[SourceQuality "1"]
[TimeControl "7200+15"]

1. d4 Nf6 2. c4 e6 3. Nc3 Bb4 4. Qc2 d5 5. cxd5 exd5 6. Bg5 c6 7. e3 a5 8. Bd3 Be7 9. Nge2 Na6 10. a3 Nc7 11. f3 Ne6 12. Bh4 h6 13.
Rd1 O-O 14. Bf2 b5 15. Ng3 Re8 16. O-O Ba6 17. Nce2 c5 18. dxc5 Bxc5 19. Nd4 Nxd4 20. exd4 Bf8 21. Rfe1 b4 22. Rxe8 Nxe8 23. Bxa6 Rxa6 24. axb4 axb4 25. Rc1 Ra7 26. Qb3 Rc7 27. Rxc7 Qxc7 28. Nf1 Qc4 29. Qd1 b3 30. Nd2 Qd3 31. Qe1 Nd6 32. Qe3 Qc2 33. Nxb3 Nc4 34. Qc3 Qd1+ 35. Be1 Nxb2 0-1

[Event "Limburg Open 2022"]
[Site "Maastricht"]
[Date "2022.06.06"]
[Round "6.13"]
[White "Ratsma, Midas"]
[Black "Gupta, Sankalp"]
[Result "0-1"]
[ECO "A06"]
[WhiteElo "2195"]
[BlackElo "2505"]
[PlyCount "62"]
[EventDate "2022.06.03"]
[EventType "swiss"]
[EventRounds "7"]
[EventCountry "NED"]
[SourceTitle "Limburg Open"]
[Source "Limburg Open"]
[SourceDate "2022.06.06"]
[SourceVersion "7"]
[SourceVersionDate "2022.06.06"]
[SourceQuality "1"]
[TimeControl "7200+15"]

1. Nf3 Nf6 2. b3 d5 3. e3 Bf5 4. Bb2 e6 5. Nh4 Bg6 6. Nxg6 hxg6 7. g3 Nbd7 8. Bg2 c6 9. d3 e5 10. Nd2 Bd6 11. Qe2 Qe7 12. a3 a5 13. c4 O-O 14. O-O Rab8 15. g4 g5 16. Rfd1 b5 17. h3 bxc4 18. dxc4 e4 19. b4 axb4 20. axb4 Be5 21. Bxe5 Nxe5 22. b5 dxc4 23. Nxc4 Nxc4 24. Qxc4 cxb5 25. Qb3 b4 26. Ra5 Rfc8 27. Rd4 Qe6 28. Qb1 b3 29. Rd1 b2 30. h4 Qb3 31. Rf1 Qc2 0-1

[Event "Limburg Open 2022"]
[Site "Maastricht"]
[Date "2022.06.06"]
[Round "6.14"]
[White "Roebers, Eline"]
[Black "Albers, SaÅ¡a"]
[Result "1-0"]
[ECO "B12"]
[WhiteElo "2378"]
[BlackElo "2199"]
[PlyCount "55"]
[EventDate "2022.06.03"]
[EventType "swiss"]
[EventRounds "7"]
[EventCountry "NED"]
[SourceTitle "Limburg Open"]
[Source "Limburg Open"]
[SourceDate "2022.06.06"]
[SourceVersion "7"]
[SourceVersionDate "2022.06.06"]
[SourceQuality "1"]
[TimeControl "7200+15"]

1. e4 c6 2. d4 d5 3. e5 c5 4. Nf3 cxd4 5. Nxd4 Nc6 6. Nxc6 bxc6 7. Bd3 e6 8. O-O Ne7 9. Be3 Nf5 10. Bxf5 exf5 11. c4 Be7 12. cxd5 cxd5 13. Nc3 Be6 14. Qa4+ Qd7 15. Qxd7+ Kxd7 16. Rfd1 Rhb8 17. Nxd5 Bxd5 18. Rxd5+ Ke6 19. Rd2 Rb4 20. g3 g5 21. f3 a5 22. Rc1 f4 23. Bf2 Ra6 24. Rc7 fxg3 25. hxg3 Bf8 26. Rd8 Bg7 27. Re8+ Kd5 28. Rc5# 1-0

[Event "Limburg Open 2022"]
[Site "Maastricht"]
[Date "2022.06.07"]
[Round "7.1"]
[White "Van Foreest, Lucas"]
[Black "Donchenko, Alexander"]
[Result "1/2-1/2"]
[ECO "E35"]
[WhiteElo "2553"]
[BlackElo "2602"]
[PlyCount "70"]
[EventDate "2022.06.03"]
[EventType "swiss"]
[EventRounds "7"]
[EventCountry "NED"]
[SourceTitle "Limburg Open"]
[Source "Limburg Open"]
[SourceDate "2022.06.06"]
[SourceVersion "7"]
[SourceVersionDate "2022.06.06"]
[SourceQuality "1"]
[TimeControl "7200+15"]

1. d4 Nf6 2. c4 e6 3. Nc3 Bb4 4. Qc2 d5 5. cxd5 exd5 6. Bf4 O-O 7. e3 Nh5 8. Bg3 c6 9. Bd3 g6 10. Nf3 Be7 11. Bxb8 Rxb8 12. Rb1 Bd6 13. O-O Qe7 14. Rfe1 f5 15. Qd1 Nf6 16. Nd2 Ne4 17. Nf1 Be6 18. f3 Nf6 19. Qc2 Kh8 20. Re2 Rbe8 21. a3 a5 22. Rbe1 Qg7 23. Qd2 Bc8 24. Na4 b5 25. Nc5 a4 26. Qc2 f4 27. b4 fxe3 28.
Rxe3 Rxe3 29. Rxe3 Nh5 30. Qc3 Be7 31. Ne6 Bxe6 32. Rxe6 Bf6 33. Kh1 Bxd4 34. Qc2 c5 35. bxc5 Nf4 1/2-1/2

[Event "Limburg Open 2022"]
[Site "Maastricht"]
[Date "2022.06.07"]
[Round "7.2"]
[White "Warmerdam, Max"]
[Black "Dardha, Daniel"]
[Result "1/2-1/2"]
[ECO "D33"]
[WhiteElo "2613"]
[BlackElo "2555"]
[PlyCount "236"]
[EventDate "2022.06.03"]
[EventType "swiss"]
[EventRounds "7"]
[EventCountry "NED"]
[SourceTitle "Limburg Open"]
[Source "Limburg Open"]
[SourceDate "2022.06.06"]
[SourceVersion "7"]
[SourceVersionDate "2022.06.06"]
[SourceQuality "1"]
[TimeControl "7200+15"]

1. c4 Nf6 2. Nc3 c5 3. Nf3 e6 4. g3 d5 5. cxd5 exd5 6. d4 Nc6 7. a3 c4 8. Bg5 Be7 9. Bg2 O-O 10. e3 Be6 11. O-O h6 12. Bxf6 Bxf6 13.
Kh1 Qd7 14. Ng1 b5 15. Nge2 Rab8 16. Nf4 Ne7 17. Nh5 Bg5 18. h4 Bg4 19. Bf3 Bxh5 20. Bxh5 Bf6 21. Bf3 a5 22. b4 cxb3 23. Qxb3 Bxh4 24. Nxd5 Nxd5 25. Qxd5 Qh3+ 26. Kg1 Bxg3 27. fxg3 Qxg3+ 28.
Kh1 Qh3+ 29. Kg1 Qg3+ 30. Bg2 Qxe3+ 31. Rf2 b4 32. axb4 axb4 33. Qe4 Qc3 34. Rb1 b3 35. d5 Qc5 36. Qd3 Rfe8 37. Rxb3 Re1+ 38. Bf1 Rd8 39. Rb5 Qa7 40. d6 Re6 41. Rd5 Rg6+ 42. Bg2 Qa1+ 43. Rf1 Qb2 44. Rf2 Qa1+ 45. Rf1 Qb2 46. Qe4 Qb6+ 47. Kh1 Rgxd6 48. Qe7 Rxd5 49. Qxf7+ Kh8 50. Bxd5 Qd4 51. Bg2 Qh4+ 52. Kg1 Qd4+ 53. Kh1 Qh4+ 54. Kg1 Qd4+ 55. Rf2 Rb8 56. Qf4 Qxf4 57. Rxf4 g5 58. Rf7 Rd8 59. Kf2 Kg8 60. Ra7 Rd2+ 61. Kg3 h5 62. Be4 Kf8 63. Bg6 Rd4 64. Bxh5 Rf4 65. Rb7 Kg8 66. Rb5 Kf8 67. Rxg5 Re4 68. Bf3 Re7 69. Ra5 Kg7 70. Kf4 Rf7+ 71. Kg4 Re7 72. Kg5 Rf7 73. Bd5 Re7 74. Kf5 Rc7 75. Ra6 Kf8 76. Rh6 Ke7 77. Ke5 Kd7 78. Rh8 Ke7 79. Rg8 Kd7 80. Rg6 Ke7 81. Rf6 Kd7 82. Rh6 Ke7 83. Bc6 Kd8 84. Kd6 Rd7+ 85. Kc5 Rg7 86. Rh8+ Ke7 87. Re8+ Kf6 88. Kd6 Kg5 89. Ke5 Rg6 90. Bd5 Rg7 91. Rh8 Re7+ 92. Be6 Rg7 93. Rh1 Rg6 94. Bf7 Rg7 95. Rf1 Kh6 96. Be8 Kg5 97. Ke6 Ra7 98. Bc6 Ra6 99. Kd5 Ra3 100. Ke4 Rg3 101. Ke5 Re3+ 102. Be4 Rg3 103. Bf3 Kg6 104. Bd5 Rg5+ 105. Ke6 Rg3 106.
Be4+ Kg5 107. Rf8 Re3 108. Ke5 Rg3 109. Bf3 Kh4 110. Ke4 Rg7 111. Rf5 Rg5 112. Rf4+ Kg3 113. Ke3 Re5+ 114. Be4 Rg5 115. Rf1 Kg4 116. Rh1 Kg3 117. Rg1+ Kh4 118. Rxg5 Kxg5 1/2-1/2

[Event "Limburg Open 2022"]
[Site "Maastricht"]
[Date "2022.06.07"]
[Round "7.3"]
[White "Zwirs, Nico"]
[Black "Braun, Christian"]
[Result "1/2-1/2"]
[ECO "C11"]
[WhiteElo "2475"]
[BlackElo "2428"]
[PlyCount "62"]
[EventDate "2022.06.03"]
[EventType "swiss"]
[EventRounds "7"]
[EventCountry "NED"]
[SourceTitle "Limburg Open"]
[Source "Limburg Open"]
[SourceDate "2022.06.06"]
[SourceVersion "7"]
[SourceVersionDate "2022.06.06"]
[SourceQuality "1"]
[TimeControl "7200+15"]

1. e4 e6 2. d4 d5 3. Nc3 Nf6 4. e5 Nfd7 5. f4 c5 6. Nf3 Nc6 7. Be3 Be7 8. Qd2 a6 9. Bd3 b5 10. Qf2 c4 11. Be2 Nb6 12. O-O Bd7 13.
Qg3 g6 14. Qh3 h6 15. Bf2 Qc7 16. Bh4 O-O-O 17. Bxe7 Nxe7 18. Nd1 Kb8 19. Ne3 Nf5 20. Nxf5 gxf5 21. Qh4 Rdg8 22. Qe1 Nc8 23. b3 Ne7 24. a4 Bc6 25. axb5 Bxb5 26. Qb4 Nc6 27. Qc5 Qe7 28. Qb6+ Qb7 29. Qc5 Qe7 30. Qb6+ Qb7 31. Qc5 Qe7 1/2-1/2

[Event "Limburg Open 2022"]
[Site "Maastricht"]
[Date "2022.06.07"]
[Round "7.4"]
[White "Lahaye, Rick"]
[Black "Decoster, Frederic"]
[Result "0-1"]
[ECO "A16"]
[WhiteElo "2412"]
[BlackElo "2295"]
[PlyCount "80"]
[EventDate "2022.06.03"]
[EventType "swiss"]
[EventRounds "7"]
[EventCountry "NED"]
[SourceTitle "Limburg Open"]
[Source "Limburg Open"]
[SourceDate "2022.06.06"]
[SourceVersion "7"]
[SourceVersionDate "2022.06.06"]
[SourceQuality "1"]
[TimeControl "7200+15"]

1. e3 g6 2. c4 Nf6 3. Nc3 Bg7 4. g4 h6 5. Bg2 d6 6. h3 e5 7. Nge2 O-O 8. d4 Nbd7 9. O-O Re8 10. Ng3 a6 11. a4 a5 12. f4 c6 13. Nce4 Qc7 14. c5 exf4 15.
cxd6 Qd8 16. Rxf4 Nxe4 17. Nxe4 Nf6 18. Nxf6+ Bxf6 19. Qf3 Bg5 20. Rxf7 Qxd6 21. Bd2 Be6 22. Rxb7 Bd5 23. Qf2 Rf8 24. Bxd5+ Qxd5 25. Qg2 Rf3 26. Rf1 Raf8 27. Rxf3 Rxf3 28. Rb8+ Kf7 29. Rb7+ Ke8 30. Rb8+ Kd7 31. Rb7+ Kc8 32. Rh7 Kd8 33. Rh8+ Ke7 34. Rh7+ Kf8 35. Rh8+ Kg7 36. Ra8 Bh4 37. Ra7+ Kf6 38. Rxa5 Qe4 39. Re5 Qb1+ 40. Kh2 Bg3+ 0-1

[Event "Limburg Open 2022"]
[Site "Maastricht"]
[Date "2022.06.07"]
[Round "7.5"]
[White "Pauly, Carlo"]
[Black "Ondersteijn, Niels"]
[Result "0-1"]
[ECO "E94"]
[WhiteElo "2305"]
[BlackElo "2376"]
[PlyCount "92"]
[EventDate "2022.06.03"]
[EventType "swiss"]
[EventRounds "7"]
[EventCountry "NED"]
[SourceTitle "Limburg Open"]
[Source "Limburg Open"]
[SourceDate "2022.06.06"]
[SourceVersion "7"]
[SourceVersionDate "2022.06.06"]
[SourceQuality "1"]
[TimeControl "7200+15"]

1. d4 d6 2. Nf3 Nf6 3. c4 g6 4. Nc3 Bg7 5. e4 O-O 6. Be2 Nbd7 7. O-O e5 8. Be3 Qe7 9. d5 c5 10. Ne1 Kh8 11. Nd3 Ng8 12. Qd2 f5 13.
exf5 gxf5 14. f4 e4 15. Nf2 Ndf6 16. a3 b6 17. b4 h5 18. h3 Nh6 19. bxc5 bxc5 20. Rfb1 Rg8 21. Ra2 Kh7 22. Bd1 Bh8 23. Nh1 Nd7 24. Rc1 Rb8 25. Qf2 Ba6 26. Nb5 Bxb5 27. cxb5 Nf6 28. Rd2 Rxb5 29. Qh4 Qf7 30. Ng3 Nxd5 31. Bxh5 Qf6 32. Qxf6 Nxf6 33. Be2 Rxg3 34. Bxb5 Rxe3 35. Rxd6 Nh5 36. Rxc5 Nxf4 37. Rc7+ Bg7 38. Rxa7 Rg3 39. Bf1 e3 40. Kh2 e2 41. Bxe2 Rxg2+ 42. Kh1 Rxe2 43. Rdd7 Nh5 44. a4 f4 45. Rd3 Nf5 46. Kg1 Ne3 0-1

[Event "Limburg Open 2022"]
[Site "Maastricht"]
[Date "2022.06.07"]
[Round "7.6"]
[White "Van Meegen, Ruud"]
[Black "Fischer, Daniel"]
[Result "1/2-1/2"]
[ECO "D02"]
[WhiteElo "2285"]
[BlackElo "2324"]
[PlyCount "112"]
[EventDate "2022.06.03"]
[EventType "swiss"]
[EventRounds "7"]
[EventCountry "NED"]
[SourceTitle "Limburg Open"]
[Source "Limburg Open"]
[SourceDate "2022.06.06"]
[SourceVersion "7"]
[SourceVersionDate "2022.06.06"]
[SourceQuality "1"]
[TimeControl "7200+15"]

1. Nf3 d5 2. g3 Nd7 3. d4 Nb6 4. Bg2 Bf5 5. O-O e6 6. b3 Nf6 7. Bb2 c6 8. Nbd2 a5 9. Ne5 Be7 10. c4 O-O 11. Rc1 a4 12. c5 Nbd7 13.
b4 a3 14. Ba1 Qc7 15. Re1 Rfc8 16. Qb3 b6 17. Qc3 bxc5 18. bxc5 Nxe5 19. dxe5 Nd7 20. e4 Bg6 21. Qd4 Qa7 22. Nb3 Rab8 23. exd5 cxd5 24. c6 Nb6 25. Bf1 Rc7 26. Qe3 Nc8 27. Bd4 Qa8 28. Nc5 Rxc6 29. Rc3 Qa5 30. Rxa3 Qd8 31. Rb3 Rcb6 32. Rxb6 Nxb6 33. Na6 Rb7 34. Qb3 Qc8 35. Bb5 Nc4 36. a4 Nd2 37. Qe3 Qc2 38. Bc3 Nb3 39. Re2 Qd1+ 40. Re1 Qg4 41. Bc6 d4 42. Bxd4 Nxd4 43. Bxb7 Nc2 44. Qe2 Qxa4 45. Rd1 Nd4 46. Qd2 Bh5 47. Qxd4 Qxd1+ 48. Qxd1 Bxd1 49. Nc7 Bc5 50. Kg2 Ba4 51. f4 Bb6 52. Na6 Bb5 53. Nb4 Bc5 54. Nc2 Be2 55. Be4 h6 56. h4 Kf8 1/2-1/2

[Event "Limburg Open 2022"]
[Site "Maastricht"]
[Date "2022.06.07"]
[Round "7.7"]
[White "Gurevich, Mikhail"]
[Black "Van Cappellen, Jonas"]
[Result "1-0"]
[ECO "A28"]
[WhiteElo "2576"]
[BlackElo "2244"]
[PlyCount "83"]
[EventDate "2022.06.03"]
[EventType "swiss"]
[EventRounds "7"]
[EventCountry "NED"]
[SourceTitle "Limburg Open"]
[Source "Limburg Open"]
[SourceDate "2022.06.06"]
[SourceVersion "7"]
[SourceVersionDate "2022.06.06"]
[SourceQuality "1"]
[TimeControl "7200+15"]

1. c4 e5 2. Nc3 Nf6 3. Nf3 Nc6 4. a3 d5 5. cxd5 Nxd5 6. Qc2 Be7 7. e3 Nxc3 8. bxc3 O-O 9. d4 Bf6 10. Bd3 h6 11. O-O Re8 12. Rb1 g6 13.
Nd2 Bg7 14. a4 b6 15. Ba3 Bb7 16. Rfd1 Qd7 17. Bb5 a6 18. Bf1 Rad8 19. Nf3 Qe6 20. Bb2 Re7 21. Ba1 Red7 22. Re1 Qd6 23. Nd2 Na5 24. Nf3 Nc6 25. Qc1 Kh7 26. c4 exd4 27. c5 Qd5 28. exd4 Na5 29. Bc3 Bc6 30. cxb6 cxb6 31. Rxb6 Nc4 32. Rxa6 Bb7 33. Ra7 Rc8 34. Qf4 Nd6 35. Bb4 Nf5 36. Ra5 Qb3 37. Rxf5 Qxb4 38. Rxf7 Rxf7 39. Qxf7 Bxf3 40. Re7 Qxd4 41. Qxf3 Qxa4 42. Rxg7+ 1-0

[Event "Limburg Open 2022"]
[Site "Maastricht"]
[Date "2022.06.07"]
[Round "7.8"]
[White "Bentel, Robin"]
[Black "Ernst, Sipke"]
[Result "0-1"]
[ECO "D24"]
[WhiteElo "2225"]
[BlackElo "2538"]
[PlyCount "64"]
[EventDate "2022.06.03"]
[EventType "swiss"]
[EventRounds "7"]
[EventCountry "NED"]
[SourceTitle "Limburg Open"]
[Source "Limburg Open"]
[SourceDate "2022.06.06"]
[SourceVersion "7"]
[SourceVersionDate "2022.06.06"]
[SourceQuality "1"]
[TimeControl "7200+15"]

1. d4 Nf6 2. c4 e6 3. Nf3 d5 4. Nc3 dxc4 5. e4 b5 6. e5 Nd5 7. Nxb5 Nb6 8. Be2 Nc6 9. O-O Bb7 10. Be3 Qd7 11. Nc3 Be7 12. Qd2 O-O 13.
Rad1 Rfd8 14. h4 Nb4 15. Ng5 Rab8 16. a3 N4d5 17. Qc2 g6 18.
Bc1 Nxc3 19. Qxc3 Bd5 20. h5 h6 21. Nh3 g5 22. f4 g4 23.
Bxg4 Na4 24. Qg3 Rb3 25. Be3 Kh8 26. f5 exf5 27. Bxf5 Qc6 28. e6 Rg8 29. Bg6 Qxe6 30. Rxf7 Qxf7 31. Bxf7 Rxg3 32. Bxd5 Rbxe3 0-1

[Event "Limburg Open 2022"]
[Site "Maastricht"]
[Date "2022.06.07"]
[Round "7.9"]
[White "Gupta, Sankalp"]
[Black "Strating, Sybolt"]
[Result "1-0"]
[ECO "B17"]
[WhiteElo "2505"]
[BlackElo "2291"]
[PlyCount "55"]
[EventDate "2022.06.03"]
[EventType "swiss"]
[EventRounds "7"]
[EventCountry "NED"]
[SourceTitle "Limburg Open"]
[Source "Limburg Open"]
[SourceDate "2022.06.06"]
[SourceVersion "7"]
[SourceVersionDate "2022.06.06"]
[SourceQuality "1"]
[TimeControl "7200+15"]

1. e4 c6 2. d4 d5 3. Nd2 dxe4 4. Nxe4 Nd7 5. Ng5 Ngf6 6. Bd3 e6 7. N1f3 Bd6 8. Qe2 h6 9. Ne4 Nxe4 10. Qxe4 Qc7 11. O-O b6 12. Qg4 Kf8 13. b3 g5 14. Qh3 Kg7 15. Bb2 Nf6 16. Ne5 Nd5 17. g3 Bxe5 18.
dxe5 Bb7 19. f4 gxf4 20. Be4 fxg3 21. c4 gxh2+ 22. Kxh2 f5 23. Rg1+ Kf8 24. cxd5 cxd5 25. Ba3+ Ke8 26. Qh5+ Qf7 27. Bf3 Rh7 28. Qxf7+ 1-0

[Event "Limburg Open 2022"]
[Site "Maastricht"]
[Date "2022.06.07"]
[Round "7.10"]
[White "De Jong, Tom"]
[Black "Roebers, Eline"]
[Result "1/2-1/2"]
[ECO "B22"]
[WhiteElo "2163"]
[BlackElo "2378"]
[PlyCount "51"]
[EventDate "2022.06.03"]
[EventType "swiss"]
[EventRounds "7"]
[EventCountry "NED"]
[SourceTitle "Limburg Open"]
[Source "Limburg Open"]
[SourceDate "2022.06.06"]
[SourceVersion "7"]
[SourceVersionDate "2022.06.06"]
[SourceQuality "1"]
[TimeControl "7200+15"]

1. e4 c5 2. c3 Nf6 3. e5 Nd5 4. Nf3 e6 5. d4 cxd4 6. cxd4 d6 7. Bc4 Be7 8. O-O O-O 9. Qe2 b6 10. Rd1 Bb7 11. Bxd5 exd5 12. Nc3 Na6 13. Bf4 dxe5 14. Bxe5 Nc7 15. Rac1 Ne6 16. h3 Re8 17. Qd3 a6 18. Na4 f6 19. Bg3 Bd6 20. Bxd6 Qxd6 21. Qa3 Rad8 22. Qxd6 Rxd6 23. Rc3 Rc8 24. Rdc1 Rc4 25. b3 Rxc3 26. Rxc3 1/2-1/2

[Event "Limburg Open 2022"]
[Site "Maastricht"]
[Date "2022.06.07"]
[Round "7.11"]
[White "Keetman, Maaike"]
[Black "Lenaerts, Lennert"]
[Result "0-1"]
[ECO "C77"]
[WhiteElo "2144"]
[BlackElo "2353"]
[PlyCount "66"]
[EventDate "2022.06.03"]
[EventType "swiss"]
[EventRounds "7"]
[EventCountry "NED"]
[SourceTitle "Limburg Open"]
[Source "Limburg Open"]
[SourceDate "2022.06.06"]
[SourceVersion "7"]
[SourceVersionDate "2022.06.06"]
[SourceQuality "1"]
[TimeControl "7200+15"]

1. e4 e5 2. Nf3 Nc6 3. Bb5 a6 4. Ba4 Nf6 5. d3 b5 6. Bb3 Bc5 7. c3 d6 8. Bg5 h6 9. Bh4 Be6 10. a4 g5 11. Bxe6 fxe6 12. Bg3 b4 13.
a5 bxc3 14. bxc3 Ne7 15. Qa4+ Qd7 16. Qc4 Ba7 17. h4 g4 18. Nh2 Rg8 19. O-O d5 20. Qa4 Nh5 21. Kh1 Nxg3+ 22. fxg3 Qxa4 23. Rxa4 h5 24. Rf6 Rb8 25. Nd2 Rb2 26. Nhf1 Rg6 27. Rxg6 Nxg6 28. Rb4 Rxb4 29. cxb4 Ne7 30. Nb3 Nc6 31. Nc5 Bxc5 32. bxc5 Nxa5 33. Ne3 c6 0-1

[Event "Limburg Open 2022"]
[Site "Maastricht"]
[Date "2022.06.07"]
[Round "7.12"]
[White "Suvorov, Alexander"]
[Black "Baselmans, Luuk"]
[Result "1-0"]
[ECO "E11"]
[WhiteElo "2348"]
[BlackElo "2257"]
[PlyCount "67"]
[EventDate "2022.06.03"]
[EventType "swiss"]
[EventRounds "7"]
[EventCountry "NED"]
[SourceTitle "Limburg Open"]
[Source "Limburg Open"]
[SourceDate "2022.06.06"]
[SourceVersion "7"]
[SourceVersionDate "2022.06.06"]
[SourceQuality "1"]
[TimeControl "7200+15"]

1. d4 e6 2. c4 Nf6 3. Nf3 Bb4+ 4. Bd2 a5 5. g3 d6 6. Bg2 Nc6 7. O-O Bxd2 8.
Qxd2 O-O 9. Nc3 e5 10. dxe5 dxe5 11. Rfd1 Bg4 12. Qe3 Qe7 13. Nd5 Nxd5 14. cxd5 Bxf3 15. Qxf3 Nd4 16. Qd3 Rfd8 17. e3 Nc6 18. Qb3 Nb4 19. a3 Na6 20. Qxb7 Qd6 21. Qc6 Rab8 22. Qc3 a4 23. Rac1 Rb3 24. Qa5 Rxb2 25. Qxa4 Ra2 26. Rc3 Qf6 27. Rc2 Rxc2 28. Qxc2 Qd6 29. Qc3 f5 30. Rc1 Kf8 31. Bf1 Ra8 32. Qc6 Ra7 33. Qa4 Qb6 34. Rc6 1-0

[Event "Limburg Open 2022"]
[Site "Maastricht"]
[Date "2022.06.07"]
[Round "7.13"]
[White "Kopylov, Daniel"]
[Black "Arndt, Stefan"]
[Result "1-0"]
[ECO "C95"]
[WhiteElo "2326"]
[BlackElo "2138"]
[PlyCount "61"]
[EventDate "2022.06.03"]
[EventType "swiss"]
[EventRounds "7"]
[EventCountry "NED"]
[SourceTitle "Limburg Open"]
[Source "Limburg Open"]
[SourceDate "2022.06.06"]
[SourceVersion "7"]
[SourceVersionDate "2022.06.06"]
[SourceQuality "1"]
[TimeControl "7200+15"]

1. e4 e5 2. Nf3 Nc6 3. Bb5 a6 4. Ba4 Nf6 5. O-O Be7 6. Re1 b5 7. Bb3 d6 8. c3 O-O 9. h3 Nb8 10. d4 Nbd7 11. Nbd2 Bb7 12. Bc2 c5 13. d5 c4 14. Nf1 Qc7 15. Ng3 g6 16. Bh6 Rfb8 17. Qd2 a5 18.
Nh4 b4 19. Nhf5 Bd8 20. Ba4 Nc5 21. Bf8 Nxa4 22. Bxd6 Qxd6 23. Nxd6 Ba6 24. Qh6 Be7 25. Ngf5 Bf8 26. Qg5 Nd7 27. Re3 f6 28. Nh6+ Bxh6 29. Qxh6 Ra7 30. Rg3 Ndc5 31. h4 1-0

[Event "Limburg Open 2022"]
[Site "Maastricht"]
[Date "2022.06.07"]
[Round "7.14"]
[White "Slagboom, Leandro"]
[Black "Van Foreest, Machteld"]
[Result "0-1"]
[ECO "A27"]
[WhiteElo "2098"]
[BlackElo "2295"]
[PlyCount "42"]
[EventDate "2022.06.03"]
[EventType "swiss"]
[EventRounds "7"]
[EventCountry "NED"]
[SourceTitle "Limburg Open"]
[Source "Limburg Open"]
[SourceDate "2022.06.06"]
[SourceVersion "7"]
[SourceVersionDate "2022.06.06"]
[SourceQuality "1"]
[TimeControl "7200+15"]

1. c4 e5 2. Nc3 f5 3. Nf3 Nc6 4. d4 e4 5. d5 exf3 6. dxc6 fxg2 7. cxd7+ Qxd7 8. Bxg2 Qxd1+ 9. Kxd1 c6 10. b3 Be6 11. e3 O-O-O+ 12. Ke2 Nf6 13. Bb2 Bd6 14. f4 Bf7 15. Bh3 Bh5+ 16. Kf2 g6 17. Kg3 Rhe8 18. Rae1 Bb4 19. Kh4 Rd3 20. e4 Be7 21. exf5 Nd7+ 0-1